AoeStats
← vignesh.689

Nomad

509403128Analyzed
2v2 RM · 5d ago on Sep 26, 2026· 39m 43s· 4 players
Game mode
Random Map
Map size
176×176
Population
200
Speed
Normal
Resources
Standard
Victory
Conquest
Starting age
Dark Age
Ending age
Imperial Age
RankedLock teamsTeams togetherTeam positionsShared explorationLock speedFull tech treeHidden civsTurbo modeCheats
Victory
Defeat
🇨🇦 Varangians · Canada
975
+17
🇫🇮 Danes · Finland
968
+17
🇮🇳 Mongols · India
1015
-19
🇮🇳 Japanese · India
957
-15
Fallen_Knight
3:17 Loom
14:58 Feudal Age
16:03 Town Watch
16:18 Fishing Lines
16:25 Man-at-Arms
17:43 Arson
20:23 Castle Age
19:31 Gold Mining
20:16 Scale Mail Armor
22:12 Town Patrol
22:47 Wheelbarrow
23:24 Fletching
26:15 Chain Mail Armor
29:24 Forging
30:34 Hand Cart
37:48 Iron Casting
37:10 Bodkin Arrow
37:46 Medium Warships
38:16 Gillnets
38:37 Double-Bit Axe
Night Shade
5:14 Loom
15:01 Feudal Age
17:31 Fishing Lines
20:24 Castle Age
18:27 Horse Collar
18:34 Double-Bit Axe
19:47 Stone Mining
20:09 Forging
21:21 Scale Barding Armor
22:56 Iron Casting
23:21 Husbandry
24:10 Bloodlines
24:45 Heavy Plow
27:38 Chain Barding Armor
27:09 Fletching
29:01 Town Watch
29:52 Wheelbarrow
31:40 Bodkin Arrow
32:17 Padded Archer Armor
42:32 Imperial Age
Sid Ironside
8:41 Loom
15:44 Feudal Age
21:11 Castle Age
21:55 Double-Bit Axe
22:04 Town Watch
23:07 Fishing Lines
25:25 Wheelbarrow
24:47 Gillnets
25:55 Medium Warships
25:59 Stone Mining
26:02 Gold Mining
27:22 Bow Saw
30:48 Gold Shaft Mining
32:22 Thumb Ring
31:38 Elite Skirmisher
33:58 Squires
33:18 Pikeman
vignesh.689
12:10 Loom
13:56 Feudal Age
14:59 Town Watch
19:05 Castle Age
17:57 Fishing Lines
19:32 Fletching
31:39 Bodkin Arrow
Connection lost

Rejoining the realm…

Still unreachable

The connection could not be restored.

Session expired

The server has moved on; the page needs a fresh start.